 Dungeon Crawl Stone Soup version 0.29-a0-732-g3d7fbe0af2 (webtiles) character file.

Game seed: 12175328756847434530

109 buhh the Insei (level 5, -1/67 HPs)
             Began as a Meteoran Transmuter on June 29, 2022.
             Slain by a gnoll
             ... wielding a +0 halberd
              (8 damage)
             ... on level 3 of the Dungeon.
             The game lasted 00:05:56 (969 turns).

buhh the Insei (Meteoran Transmuter)                 Turns: 969, Time: 00:05:57

Health: -1/67      AC: 22    Str: 12    XL:     5   Next: 36%
Magic:  19/19      EV:  2    Int: 16    God:
Gold:   131        SH:  0    Dex: 14    Spells: 3/9 levels left

rFire   . . .      SeeInvis .     - Unarmed
rCold   . . .      Faith    .   (no shield)
rNeg    . . .      Spirit   .   (body armour currently unavailable)
rPois   +          Reflect  .   (helmet currently unavailable)
rElec   .          Harm     .   (cloak currently unavailable)
rCorr   .          Rampage  .   (gloves currently unavailable)
Will    .....      NoTele   +   (boots currently unavailable)
Stlth   +.........              (no amulet)
HPRegen 0.21/turn               b - ring of magical power
MPRegen 0.16/turn               (no ring)

@: tree-form (expiring), glowing
A: stationary, stasis, torment immunity, boosted hp, sense surroundings 1,
otherworldly, glowing, explore regen
a: no special abilities


You were on level 3 of the Dungeon.
You were a tree.
You visited 1 branch of the dungeon, and saw 3 of its levels.

You collected 131 gold pieces.

Inventory:

Missiles
 d - a throwing net {!f}
Armour
 a - a +0 robe (melded)
Jewellery
 b - a ring of magical power (left branch)
Wands
 f - a wand of flame (3)
Scrolls
 c - 2 scrolls of enchant weapon {unknown}
 e - a scroll of blinking {unknown}
 g - 2 scrolls of identify {!d}
 t - 2 scrolls of teleportation {!d}
Potions
 K - a potion of brilliance {!q!d}
 O - 2 potions of haste {!q!d}


   Skills:
 * Level 3.5 Fighting
 - Level 2.4 Dodging
 - Level 5.0 Unarmed Combat
 - Level 2.6 Spellcasting
 * Level 2.9 Transmutations


You had 3 spell levels left.
You knew the following spells:

 Your Spells              Type           Power      Damage    Failure   Level
a - Beastly Appendage     Tmut           22%        N/A       6%          1
b - Wereblood             Tmut           11%        N/A       9%          2
c - Spider Form           Tmut/Pois      6%         N/A       32%         3

Your spell library contained the following spells:

 Spells                   Type           Power      Damage    Failure   Level
 Ice Form                 Ice/Tmut       6%         N/A       71%         4


Dungeon Overview and Level Annotations

Branches:
Dungeon (3/15) Zot: 837

Altars:
Sif Muna


Innate Abilities, Weirdness & Mutations

You are a tree.
Your roots penetrate the ground, keeping you stationary.
You cannot be teleported.
You are immune to unholy pain and torment.
Your maximum health is greatly increased.
Your equipment is partially melded.
You passively map a small area around you.
You are easily found by Zot.
You glow in the dark.
You regain HP and MP as you explore.


Message History

The puff of flame hits the gnoll.
The gnoll is lightly wounded.
The gnoll hits you from afar with a +0 halberd.
* * * LOW HITPOINT WARNING * * *
Aiming: Throw Flame
Press: ? - help, Shift-Dir - straight line, f/p - gnoll
Aim: a gnoll, wielding a +0 halberd (lightly wounded, 72% to hit)
The puff of flame misses the gnoll.
The goblin barely misses you. The gnoll hits you but does no damage.
You hit the goblin but do no damage. The gnoll hits you but does no damage.
The goblin hits you but does no damage.
You hit the goblin.
You kill the goblin!
The gnoll hits you from afar with a +0 halberd.
* * * LOW HITPOINT WARNING * * *
Aiming: Throw Flame
Press: ? - help, Shift-Dir - straight line, f/p - gnoll
Aim: a gnoll, wielding a +0 halberd (lightly wounded, 72% to hit)
The puff of flame hits the gnoll.
The gnoll is heavily wounded.
The gnoll hits you but does no damage.
Aiming: Throw Flame
Press: ? - help, Shift-Dir - straight line, f/p - gnoll
Aim: a gnoll, wielding a +0 halberd (heavily wounded, 72% to hit)
The puff of flame misses the gnoll.
Your transformation is almost over.
The gnoll hits you but does no damage.
Aiming: Throw Flame
Press: ? - help, Shift-Dir - straight line, f/p - gnoll
Aim: a gnoll, wielding a +0 halberd (heavily wounded, 72% to hit)
The puff of flame hits the gnoll.
The gnoll is almost dead.
The gnoll hits you from afar with a +0 halberd.
* * * LOW HITPOINT WARNING * * *
Aiming: Throw Flame
Press: ? - help, Shift-Dir - straight line, f/p - gnoll
Aim: a gnoll, wielding a +0 halberd (almost dead, 72% to hit)
The puff of flame misses the gnoll.
The gnoll hits you from afar with a +0 halberd!
You die...

#..### #.... #...,
. ##..# .#
##...###.# , , ##
#.........,
##...#######....##
* , *
.......)♣).......#
,*
##....g######...##
, ##.#..* ##.## *
## , #,#..* #.# #.
... #.# #† *...g
##'## #. #....
##...## #. #....
##.....## #. ,
*#.......## ##.


You could see a gnoll.

Vanquished Creatures
  Jessica (D:2)
  2 gnolls (D:3)
  2 adders
  2 dart slugs
  An orc (D:3)
  3 ball pythons
  5 endoplasms
  A giant cockroach (D:2)
  7 goblins
  3 hobgoblins
  2 quokkas
  5 bats
  A frilled lizard (D:1)
  4 kobolds
  2 rats (D:1)
41 creatures vanquished.

Notes
Turn   | Place    | Note
-------+----------+-------------------------------------------
     0 | D:1      | buhh the Meteoran Transmuter began the quest for the Orb.
     0 | D:1      | Reached XP level 1. HP: 16/16 MP: 5/5
    60 | D:1      | Reached XP level 2. HP: 23/23 MP: 4/6
    99 | D:1      | Reached skill level 4 in Unarmed Combat
   237 | D:2      | Reached XP level 3. HP: 29/29 MP: 7/8
   296 | D:2      | Learned a level 2 spell: Wereblood
   300 | D:2      | Learned a level 3 spell: Spider Form
   570 | D:1      | Reached XP level 4. HP: 31/37 MP: 9/9
   643 | D:2      | Noticed Jessica
   644 | D:2      | Killed Jessica
   774 | D:3      | Reached skill level 5 in Unarmed Combat
   807 | D:3      | Found a shimmering blue altar of Sif Muna.
   880 | D:3      | Reached XP level 5. HP: 40/45 MP: 10/10
   969 | D:3      | Slain by a gnoll

Illustrated notes

Levels and vault maps discovered:
D:1:      grunt_arrival_crossed_arrows, layout_basic,
          chequers_ecumenical_altar_island, minmay_misc_feat_encased
D:2:      layout_basic, uniq_crazy_yiuf_cottage, uniq_jessica
D:3:      minmay_octagon_keep, layout_loops_corners, led_sif_book,
          mainiacjoe_overflow_chevrons, uniq_sigmund

Skill      XL: |  1  2  3  4 |
---------------+-------------+-----
Unarmed Combat | 4 5 |  5.0
Fighting       | 2 3 |  3.5
Dodging        | |  2.4
Spellcasting   | |  2.6
Transmutations | |  2.9

Action                   |  1- 3 |  4- 6 || total
-------------------------+-------+-------++-------
Melee: Unarmed           |    54 |    36 ||    90
       Kick              |     9 |     6 ||    15
       Headbutt          |     6 |     1 ||     7
       Punch             |     1 |     2 ||     3
 Cast: Beastly Appendage |    15 |     7 ||    22
Evoke: Wand              |       |     6 ||     6
  Use: Scroll            |     3 |       ||     3
       Potion            |       |     2 ||     2
Armor: Robe              |    20 |    10 ||    30
       Skin              |       |    12 ||    12
Dodge: Dodged            |    31 |    17 ||    48

Table legend: (Time is in decaauts)
 A = Elapsed time spent in this place.
 B = Non-inter-level travel time spent in this place.
 C = Inter-level travel time spent in this place.
 D = Time resting spent in this place.
 E = Time spent auto-exploring this place.
 F = Levels seen in this place.
 G = Mean time per level.
                   A        B        C        D        E       F      G
               +--------+--------+--------+--------+--------+-----+--------+
         Total |    961 |    951 |     10 |      0 |      0 |   3 |  320.3 |
       Dungeon |    961 |    951 |     10 |      0 |      0 |   3 |  320.3 |
               +--------+--------+--------+--------+--------+-----+--------+

Top non-repeatable levels by time:
     D:2: 427 daAuts
     D:1: 311 daAuts
     D:3: 221 daAuts
